 Dungeon Crawl Stone Soup version 0.20-a0-1101-g1de9d76 (console) character file.

1121 nht the Martial Artist (level 8, -8/63 HPs)
             Began as a Vampire Transmuter on May 4, 2017.
             Was an Initiate of Ru.
             Mangled by a two-headed ogre
             ... wielding a +0 giant club
              (12 damage)
             ... on level 6 of the Dungeon.
             The game lasted 00:12:54 (4404 turns).

nht the Martial Artist (Vampire Transmuter)         Turns: 4404, Time: 00:12:55

Health: -8/63      AC:  7    Str:  9    XL:     8   Next: 12%
Magic:  8/14       EV: 10    Int: 22    God:    Ru [......]
Gold:   215        SH:  0    Dex: 15    Spells: 0/15 levels left

rFire    x . .     SeeInvis +     - Unarmed
rCold    + + +     Gourm    .   (shield currently unavailable)
rNeg     + . .     Faith    .   (armour currently unavailable)
rPois    +         Spirit   .   (helmet currently unavailable)
rElec    .         Reflect  .   (cloak currently unavailable)
rCorr    .         Harm     .   (gloves currently unavailable)
MR       +....                  (boots currently unavailable)
Stlth    +.........             u - amulet of rage
Regen    0.2/turn               e - ring of protection from magic
MPRegen  0.2/turn               k - ring of wizardry

@: brilliant, ice-form
A: see invisible
a: Bat Form, End Transformation, Renounce Religion, Evoke Berserk Rage


You were on level 6 of the Dungeon.
You worshipped Ru.
Ru was noncommittal.
You were not thirsty.
You were a creature of crystalline ice.
You visited 2 branches of the dungeon, and saw 7 of its levels.

You collected 215 gold pieces.

Inventory:

Hand Weapons
 d - a +1 vampiric dagger
Missiles
 a - 34 arrows
 i - 5 curare-tipped needles
 j - 12 poisoned needles
 r - 3 needles of sleeping
Armour
 b - a +0 robe (melded)
 h - a +1 helmet (melded)
 s - a cursed -2 chain mail
 t - a scarf of cloud immunity (melded)
 y - a +0 pair of gloves (melded)
Jewellery
 e - a ring of protection from magic (left front paw)
 k - a ring of wizardry (right front paw)
 u - an amulet of rage (around neck)
Wands
 w - a wand of paralysis (0/24)
Scrolls
 m - 2 scrolls of recharging
 q - 5 scrolls of remove curse
 x - a scroll of blinking
Potions
 f - 2 potions of curing
 g - a potion of magic
 l - 7 potions of blood
 n - 2 potions of heal wounds
 o - 2 potions of flight
 p - 2 potions of mutation
Books
 c - a book of Changes

   Spells                             Type                      Level
   a - Beastly Appendage              Transmutation                1
   b - Sticks to Snakes               Transmutation                2
   c - Spider Form                    Transmutation/Poison         3
   d - Ice Form                       Ice/Transmutation            4
   e - Blade Hands                    Transmutation                5
 v - a book of Minor Magic

   Spells                             Type                      Level
   a - Magic Dart                     Conjuration                  1
   b - Blink                          Translocation                2
   c - Call Imp                       Summoning                    2
   d - Slow                           Hexes                        2
   e - Conjure Flame                  Conjuration/Fire             3
   f - Mephitic Cloud                 Conjuration/Poison/Air       3


   Skills:
 - Level 0.8 Fighting
 - Level 2.1 Dodging
 * Level 8.4 Unarmed Combat
 - Level 4.1 Spellcasting
 + Level 5.8 Transmutations


You couldn't memorise any spells.
You knew the following spells:

 Your Spells              Type           Power        Failure   Level  Hunger
a - Blade Hands           Tmut           #####.....   3%          5    ######.
b - Spider Form           Tmut/Pois      ####......   1%          3    ##.....
c - Ice Form              Ice/Tmut       ####....     4%          4    ####...
d - Mephitic Cloud        Conj/Pois/Air  ###.....     4%          3    ##.....


Dungeon Overview and Level Annotations

Branches:
Dungeon (6/15)             Temple (1/1) D:5

Altars:
Ashenzari
Cheibriados
Dithmenos
Elyvilon
Fedhas
Gozag
Makhleb
Nemelex Xobeh
Okawaru
Qazlal
Ru
Trog
Uskayaw
Vehumet
Wu Jian
Xom
Zin
The Shining One


Innate Abilities, Weirdness & Mutations

((You have razor-sharp teeth.))
You have supernaturally acute eyesight. (SInv)
((You can survive without breathing.))


Message History

The two-headed ogre hits you with a giant club!
The two-headed ogre barely misses you.
A worker ant comes into view.
The worker ant twitches its antennae in your direction.
You hit the two-headed ogre. You freeze the two-headed ogre.
The two-headed ogre is severely wounded.
The two-headed ogre hits you with a giant club!!
The two-headed ogre hits you but does no damage.
You hit the two-headed ogre. You freeze the two-headed ogre.
The two-headed ogre is almost dead.
The two-headed ogre hits you with a giant club!!
* * * LOW HITPOINT WARNING * * *
The two-headed ogre closely misses you.
You hit the two-headed ogre. You freeze the two-headed ogre.
The two-headed ogre is almost dead.
You completely miss the two-headed ogre.
The two-headed ogre is almost dead.
The two-headed ogre barely misses you.
The two-headed ogre hits you with a dire flail!
You die...

,,,,,,,.....................,,,,,
**,,,,,.............<.......,,,,,
***,,,,.....................,,,,,
* *,,,,.....................,****
****,,,.....................** *
,* *,,*█...........a...██...* *
,***,,,*██.............█**..* ***
,,,*,,,,,.█....O.>....██ *,.***,,
,,,,,***,.......Y.....█ *,,>,,,,
,,,,** **██.....?.....█* *,,,,,,,
,,,** ██..█....██..█**,,*****
,,,* *█.███....██..█,,** * ,,,***
█..**███...█....** ** **,*,**
█,,,,**.........* **, ,,,,,,**
**,,,,,,.........* **,,
,,,,,,,***,,,,,,,,......,,****,,,
,,,,,,,,,*,,,,,,,,*██...*,**,,,**


You could see a two-headed ogre and a worker ant.

Vanquished Creatures
  The ghost of Gruud the Slasher, an amateur DsGl (D:6)
  Sigmund (D:2)
  Duvessa (D:5)
  A sky beast (D:5)
  A centaur (D:6)
  A bullfrog (D:6)
  Dowan (D:5)
  A hound (D:4)
  Crazy Yiuf (D:2)
  A bullfrog skeleton (D:5)
  3 orc wizards
  2 worker ants
  2 hound skeletons (D:4)
  A worker ant zombie (D:5)
  A gnoll (D:1)
  4 adders
  2 dart slugs
  4 worms
  5 leopard geckos
  14 orcs
  3 giant cockroaches
  4 goblins
  5 hobgoblins
  9 jackals
  8 kobolds
  2 quokkas (D:3)
  4 bats
  A frilled lizard (D:5)
  A leopard gecko zombie (D:4)
  A quokka skeleton (D:4)
  A quokka zombie (D:5)
  4 rats
91 creatures vanquished.

Notes
Turn   | Place    | Note
-------+----------+-------------------------------------------
     0 | D:1      | nht the Vampire Transmuter began the quest for the Orb.
     0 | D:1      | Reached XP level 1. HP: 14/14 MP: 3/3
   167 | D:1      | Reached XP level 2. HP: 20/20 MP: 3/5
   635 | D:1      | Reached skill level 4 in Unarmed Combat
   645 | D:1      | Reached XP level 3. HP: 11/25 MP: 4/6
   909 | D:2      | Learned a level 3 spell: Spider Form
  1396 | D:2      | Found a runed door.
  1524 | D:2      | Reached XP level 4. HP: 20/31 MP: 5/7
  1645 | D:2      | Noticed Sigmund
  1972 | D:3      | Reached skill level 5 in Unarmed Combat
  2065 | D:3      | interesting
  2519 | D:4      | Reached XP level 5. HP: 36/36 MP: 3/8
  3057 | D:5      | Entered Level 5 of the Dungeon
  3062 | D:5      | Found a staircase to the Ecumenical Temple.
  3070 | D:5      | Reached skill level 6 in Unarmed Combat
  3080 | D:5      | Reached XP level 6. HP: 17/42 MP: 3/9
  3163 | Temple   | Entered the Ecumenical Temple
  3384 | Temple   | Became a worshipper of Ru the Awakened
  3435 | D:5      | Found a bloodstained altar of Trog.
  3438 | D:5      | Noticed a sky beast
  3451 | D:5      | Killed a sky beast
  3529 | D:5      | Noticed Dowan
  3531 | D:5      | Noticed Duvessa
  3540 | D:5      | Killed Dowan
  3543 | D:5      | Killed Duvessa
  3543 | D:5      | Reached skill level 7 in Unarmed Combat
  3543 | D:5      | Reached XP level 7. HP: 39/47 MP: 7/11
  3780 | D:3      | Learned a level 5 spell: Blade Hands
  3785 | D:3      | Learned a level 4 spell: Ice Form
  3887 | D:2      | Killed Sigmund
  3887 | D:2      | Reached skill level 5 in Transmutations
  3986 | D:2      | Noticed Crazy Yiuf
  3997 | D:2      | Killed Crazy Yiuf
  4152 | D:6      | Noticed a two-headed ogre
  4158 | D:6      | Reached skill level 8 in Unarmed Combat
  4194 | D:6      | Noticed Gruud's ghost (amateur DsGl)
  4208 | D:6      | Killed Gruud's ghost
  4208 | D:6      | Reached XP level 8. HP: 20/53 MP: 2/14
  4219 | D:6      | Learned a level 3 spell: Mephitic Cloud
  4404 | D:6      | Mangled by a two-headed ogre

Vault maps used:
D:1:      lemuel_arrival_room
D:2:      first_bread, uniq_crazy_yiuf_cottage, uniq_sigmund
D:5:      minmay_temple_entry_mist, bloody_trog, uniq_duvessa
D:6:      trog_butcher_becter
Temple:   dpeg_five_rooms_temple

Skill      XL: |  1  2  3  4  5  6  7 |
---------------+----------------------+-----
Unarmed Combat | 4 5 6 7 8 |  8.4
Transmutations | 3 4 5 |  5.8
Spellcasting   | 3 4 |  4.1
Fighting       | |  0.8
Dodging        | |  2.1

Action                   |  1- 3 |  4- 6 |  7- 9 || total
-------------------------+-------+-------+-------++-------
Melee: Unarmed           |   109 |   132 |    57 ||   298
       Kick              |    12 |       |       ||    12
       Bite              |    12 |     1 |     1 ||    14
       Headbutt          |     4 |       |       ||     4
       Punch             |     1 |       |     1 ||     2
 Cast: Beastly Appendage |    17 |       |       ||    17
       Spider Form       |     3 |    24 |     4 ||    31
       Blade Hands       |       |       |     2 ||     2
       Mephitic Cloud    |       |       |     1 ||     1
       Ice Form          |       |       |     1 ||     1
Evoke: Wand              |       |       |     5 ||     5
  Use: Potion            |     9 |    14 |     3 ||    26
       Scroll            |     4 |    12 |     3 ||    19
 Stab: Sleeping          |     2 |       |       ||     2
       Paralysed         |       |       |     7 ||     7
  Eat: Corpse            |     2 |     2 |     1 ||     5
Armor: Robe              |    13 |     5 |     1 ||    19
       Skin              |       |     5 |     1 ||     6
Dodge: Dodged            |    65 |    93 |    30 ||   188
